 Dungeon Crawl Stone Soup version 0.27-a0-899-ge2d0b17c59 (webtiles) character file.

Game seed: 10705423757593979798

18 spiderkeys the Bolt Thrower (level 2, 0/17 HPs)
             Began as a Kobold Hunter on Apr 6, 2021.
             Killed by Freeze
             ... generated by an endoplasm
              (3 damage)
             ... on level 1 of the Dungeon.
             The game lasted 00:01:40 (765 turns).

spiderkeys the Bolt Thrower (Kobold Hunter)          Turns: 765, Time: 00:01:41

Health: 0/17       AC:  3    Str:  9    XL:     2   Next: 90%
Magic:  2/2        EV: 14    Int: 12    God:
Gold:   39         SH:  0    Dex: 15    Spells: 1/1 levels left

rFire    . . .     SeeInvis .   b - +0 short sword
rCold    . . .     Faith    .   (shield restricted)
rNeg     . . .     Spirit   .   c - +0 leather armour
rPois    .         Reflect  .   (no helmet)
rElec    .         Harm     .   (no cloak)
rCorr    .         Rampage  .   (no gloves)
Will     .....                  (no boots)
Stlth    +++.......             (no amulet)
HPRegen  0.05/turn              (no ring)
MPRegen  0.08/turn              (no ring)

@: no status effects
A: small, no large weapons, nightstalker 3
a: no special abilities


You were on level 1 of the Dungeon.
You visited 1 branch of the dungeon, and saw 1 of its levels.

You collected 39 gold pieces.

Inventory:

Hand Weapons
 a - a +1 hand crossbow
 b - a +0 short sword (weapon)
Missiles
 d - 36 bolts
Armour
 c - a +0 leather armour (worn)
Potions
 f - a potion of degeneration {unknown}
 g - a potion of ambrosia {unknown}


   Skills:
 - Level 2.1 Fighting
 * Level 2.0 Short Blades
 - Level 4.8 Crossbows
 - Level 2.4 Dodging
 * Level 2.8 Stealth


You had one spell level left.
You didn't know any spells.
Your spell library was empty.

Dungeon Overview and Level Annotations

Branches:
Dungeon (1/15)

Altars:


Innate Abilities, Weirdness & Mutations

You are small and have problems with some larger weapons.
You are completely attuned to the shadows.


Message History

The kobold is severely wounded.
The kobold hits you with a +0 short sword.
You miss the kobold.
The kobold is severely wounded.
The kobold closely misses you.
You hit the kobold.
You kill the kobold!
No target in view!
Things that are here:
a +0 short sword; a stone; a ball python corpse You open the large door.
There is a large open door here.
There is a large open door here.
You now have 39 gold pieces (gained 14).
An endoplasm comes into view.
The endoplasm freezes you.
You are frozen.
You barely miss the endoplasm. The endoplasm hits you.
You hit the endoplasm but do no damage. The endoplasm freezes you.
You are frozen.
You are too injured to fight recklessly!
You are too injured to fight recklessly!
You barely miss the endoplasm. The endoplasm freezes you.
You are frozen.
* * * LOW HITPOINT WARNING * * *
Okay, then.
As you read the scroll labelled LOMIVILL GAFA, it crumbles to dust.
Your body is wracked with pain!
* * * LOW HITPOINT WARNING * * *
The endoplasm convulses!
It was a scroll of torment.
The endoplasm hits you.
* * * LOW HITPOINT WARNING * * *
There is an empty arch of ancient stone here.
Okay, then.
You hit the endoplasm.
The endoplasm is almost dead.
The endoplasm freezes you.
You are frozen.
You die...

#............####
#..........).....
#####............
#♣♣###
#............
....≈#
............
.....##
..........
......## ......
.....<.## ......
....@...# .#####
.♣...J...# #.#.
........♣# #.#.
.....(....#
####.#.
...........#
#....##
...........#
#......
........♣..#
#....#.
....8......♣#
##+##.#.
............#.#
##.......


You could see an endoplasm.

Vanquished Creatures
  2 endoplasms (D:1)
  A goblin (D:1)
  2 hobgoblins (D:1)
  2 jackals (D:1)
  4 ball pythons (D:1)
  4 kobolds (D:1)
  2 rats (D:1)
17 creatures vanquished.

Notes
Turn   | Place    | Note
-------+----------+-------------------------------------------
     0 | D:1      | spiderkeys the Kobold Hunter began the quest for the Orb.
     0 | D:1      | Reached XP level 1. HP: 12/12 MP: 1/1
    98 | D:1      | Reached skill level 1 in Short Blades
   132 | D:1      | Reached XP level 2. HP: 16/17 MP: 2/2
   425 | D:1      | Found a faded altar of an unknown god.
   765 | D:1      | Killed from afar by an endoplasm

Illustrated notes

Levels and vault maps discovered:
D:1:      nzn_arrival_settlement, layout_basic, ebering_ecumenical_altar_ruins

Skill      XL: |  1  2 |
---------------+-------+-----
Short Blades   | 1 2 |  2.0
Stealth        | 2 |  2.8
Fighting       | |  2.1
Crossbows      | |  4.8
Dodging        | |  2.4

Action                   || total
-------------------------++-------
Melee: Short sword       ||    57
 Fire: Hand crossbow     ||     1
  Use: Scroll            ||     1
 Stab: Sleeping          ||     7
Armor: Leather armour    ||     8
Dodge: Dodged            ||    35

Table legend: (Time is in decaauts)
 A = Elapsed time spent in this place.
 B = Non-inter-level travel time spent in this place.
 C = Inter-level travel time spent in this place.
 D = Time resting spent in this place.
 E = Time spent auto-exploring this place.
 F = Levels seen in this place.
 G = Mean time per level.
                   A        B        C        D        E       F      G
               +--------+--------+--------+--------+--------+-----+--------+
         Total |    766 |    766 |      0 |      0 |    608 |   1 |  766.0 |
       Dungeon |    766 |    766 |      0 |      0 |    608 |   1 |  766.0 |
               +--------+--------+--------+--------+--------+-----+--------+

Top non-repeatable levels by time:
     D:1: 766 daAuts
